 Dungeon Crawl Stone Soup version 0.32-a0-607-g64ea0e4219 (webtiles) character file.

Game seed: 6625638288584861905

334 Sobieck the Digger (level 6, -4/45 HPs)
             Began as a Mountain Dwarf Earth Elementalist on Mar 3, 2024.
             Slain by a hound (5 damage)
             ... on level 4 of the Dungeon.
             The game lasted 00:05:04 (3297 turns).

Sobieck the Digger (MDEE)                           Turns: 3297, Time: 00:05:04

Health: -4/45      AC:  7    Str: 11    XL:     6   Next: 27%
Magic:  12/12      EV:  1    Int: 17    God:
Gold:   164        SH:  0    Dex: 10    Spells: 9/13 levels left

rFire   . . .        n - +0 sling
rCold   + . .        (no shield)
rNeg    . . .        s - +3 leather armour {rC+}
rPois   .            (no helmet)
rElec   .            (no cloak)
rCorr   .            (no gloves)
SInv    .            t - +0 pair of boots
Will    .....        (no amulet)
Stlth   +            p - ring of wizardry
HPRegen 0.27/turn    (no ring)
MPRegen 0.13/turn

%: wizardry (x1)
@: lethally poisoned (-4 -> -25), constricted
A: runic magic, artefact enchanting
a: no special abilities


You were on level 4 of the Dungeon.
You visited 1 branch of the dungeon, and saw 4 of its levels.

You collected 164 gold pieces.

Inventory:

Hand Weapons
 d - a +0 dagger
 g - a +1 vampiric dagger
 n - a +0 sling (weapon)
Armour
 a - a +0 robe
 s - a +3 leather armour of cold resistance (worn)
 t - a +0 pair of boots (worn)
Jewellery
 i - an amulet of reflection
 p - a ring of wizardry (left hand)
Scrolls
 c - a scroll of noise {unknown}
 f - 2 scrolls of amnesia {unknown}
 h - a scroll of vulnerability {unknown}
 j - 2 scrolls of silence {unknown}
 m - a scroll of immolation {unknown}
 o - 2 scrolls of identify {unknown}
Potions
 b - a potion of magic
 e - a potion of might {unknown}
 k - a potion of mutation {unknown}
 l - a potion of berserk rage {unknown}
 q - a potion of attraction {unknown}
 r - a potion of heal wounds {unknown}
 Q - a potion of curing


   Skills:
 - Level 1.3 Dodging
 - Level 1.4 Stealth
 + Level 4.1 Spellcasting
 - Level 0.8 Conjurations
 + Level 6.0 Earth Magic


You had 9 spell levels left.
You knew the following spells:

 Your Spells              Type           Power      Damage    Failure   Level
a - Sandblast             Erth           46%        2d11      1%          1
b - Stone Arrow           Conj/Erth      30%        3d8       4%          3

Your spell library contained the following spells:

 Spells                   Type           Power      Damage    Failure   Level
 Passwall                 Erth           23%        N/A       1%          3
 Kiss of Death            Conj/Necr      16%        2d6       6%          1
 Brom's Barrelling Bould  Conj/Erth      15%        2d4       16%         4
 Petrify                  Alch/Erth      13%        N/A       19%         4
 Confusing Touch          Hex            3%         N/A       21%         3
 Dispel Undead            Necr           3%         3d7       52%         4


Dungeon Overview and Level Annotations

Branches:
Dungeon (4/15)
 Temple: D:4-7

Altars:
Makhleb
Ru

Shops:
D:1 [

Annotations:
D:4 Edmund


Innate Abilities, Weirdness & Mutations

Your spellcasting is much less encumbered by armour.
You can use scrolls of enchantment on lesser artefacts.


Message History

You can't see any susceptible monsters within range! (Use Z to cast anyway.) Unknown command.
Unknown command.
You climb downwards.
Level annotation: Edmund Edmund hits you with a +4 flail of venom!
The quokka misses you. The hound bites you but does no damage.
There is a stone staircase leading up here.
Danger!
Unknown command.
Unknown command.
The hound bites you.
The quokka bites you but does no damage.
Edmund hits you with a +4 flail of venom!
* * * LOW HITPOINT WARNING * * *
You are poisoned.
The hound misses you.
The ball python bites you but does no damage.
The ball python grabs you.
You stop ascending the stairs.
The ball python constricts you.
The quokka bites you but does no damage.
Unknown command.
Unknown command.
Unknown command.
The ball python's grasp on you weakens, but your attempt to escape fails.
You feel very sick.
Edmund hits you with a +4 flail of venom.
* * * LOW HITPOINT WARNING * * *
You are more poisoned.
The hound bites you.
* * * LOW HITPOINT WARNING * * *
The quokka bites you but does no damage.
The ball python bites you.
* * * LOW HITPOINT WARNING * * *
The ball python constricts you.
Unknown command.
Unknown command.
Unknown command.
The ball python's grasp on you weakens, but your attempt to escape fails.
* * * LOW HITPOINT WARNING * * *
You feel very sick. The hound bites you but does no damage.
Edmund hits you with a +4 flail of venom!
* * * LOW HITPOINT WARNING * * *
You are more poisoned.
The quokka bites you.
* * * LOW HITPOINT WARNING * * *
The ball python bites you but does no damage.
The ball python constricts you. The hound bites you.
You die...

#######
##.r@=.#
#$.h@S##
#.../.#
#.....##
####><...#
##.##.?####
#?<.....#
#.....%.#
#..S.?..#


You could see Edmund, a hound, a quokka and a ball python.

Vanquished Creatures
  A phantom (D:3)
  A bombardier beetle (D:3)
  A hound (D:3)
  A jelly (D:3)
  Jessica (D:2)
  6 adders
  A dart slug (D:2)
  A ribbon worm (D:3)
  7 orcs (D:3)
  6 ball pythons
  4 bats
  6 endoplasms
  3 giant cockroaches
  8 hobgoblins
  4 jackals (D:1)
  9 kobolds
  3 quokkas
  8 frilled lizards
  7 goblins
  2 rats
80 creatures vanquished.

Notes
Turn   | Place    | Note
-------+----------+-------------------------------------------
     0 | D:1      | Sobieck the Mountain Dwarf Earth Elementalist began the
                  | quest for the Orb.
     0 | D:1      | Reached XP level 1. HP: 14/14 MP: 3/3
   129 | D:1      | Found Ninikah's Antique Armour Shoppe.
   357 | D:1      | Reached XP level 2. HP: 20/20 MP: 0/5
   819 | D:1      | Reached skill level 4 in Earth Magic
  1130 | D:2      | Reached XP level 3. HP: 26/26 MP: 3/6
  1240 | D:2      | Learned a level 3 spell: Stone Arrow
  1667 | D:2      | Reached XP level 4. HP: 33/33 MP: 5/8
  1789 | D:2      | Noticed Jessica
  1798 | D:2      | Killed Jessica
  1799 | D:2      | Reached skill level 3 in Spellcasting
  2107 | D:2      | Found a burning altar of Makhleb.
  2288 | D:2      | HP: 1/33 [adder (3)]
  2514 | D:3      | Found a sacrificial altar of Ru.
  2531 | D:3      | Reached skill level 5 in Earth Magic
  2531 | D:3      | Reached XP level 5. HP: 38/38 MP: 7/10
  3012 | D:4      | Noticed a phantom
  3075 | D:4      | Noticed Edmund
  3171 | D:3      | Killed a phantom
  3172 | D:3      | Reached XP level 6. HP: 39/45 MP: 8/12
  3211 | D:3      | Reached skill level 6 in Earth Magic
  3297 | D:4      | HP: 1/45 [quokka (4)]
  3297 | D:4      | Slain by a hound

Illustrated notes

Levels and vault maps discovered:
D:1:      psy_arrival_radial01, layout_loops_ring, serial_shops, shop,
          minivault_11
D:2:      layout_basic, basic_altar, kennysheep_boxes, uniq_jessica
D:3:      layout_rooms, mainiacjoe_overflow_surrounded_room
D:4:      layout_gridville, uniq_edmund

Skill      XL: |  1  2  3  4  5  6 |
---------------+-------------------+-----
Spellcasting   | 2 3 4 |  4.1
Earth Magic    | 4 5 6 |  6.0
Dodging        | |  1.3
Stealth        | |  1.4
Conjurations   | |  0.8

Action                     |  1- 3 |  4- 6 || total
---------------------------+-------+-------++-------
  Melee: Dagger            |     8 |       ||     8
   Fire: Sling             |       |    32 ||    32
   Cast: Sandblast         |    60 |    53 ||   113
    Use: Potion            |       |     1 ||     1
 Armour: Robe              |    19 |    13 ||    32
         Leather armour    |       |    64 ||    64
  Dodge: Dodged            |    16 |    44 ||    60

Table legend: (Time is in decaauts)
 A = Elapsed time spent in this place.
 B = Non-inter-level travel time spent in this place.
 C = Inter-level travel time spent in this place.
 D = Time resting spent in this place.
 E = Time spent auto-exploring this place.
 F = Levels seen in this place.
 G = Mean time per level.
                   A        B        C        D        E       F      G
               +--------+--------+--------+--------+--------+-----+--------+
         Total |   3372 |   3271 |    101 |    412 |   2359 |   4 |  843.0 |
       Dungeon |   3372 |   3271 |    101 |    412 |   2359 |   4 |  843.0 |
               +--------+--------+--------+--------+--------+-----+--------+

Top non-repeatable levels by time:
     D:2: 1286 daAuts
     D:1: 1140 daAuts
     D:3: 924 daAuts
     D:4: 22 daAuts
